 Dungeon Crawl Stone Soup version 0.27.1-4-g1640c2035a (webtiles) character file.

Game seed: 5067100371404475375

5432 pkoi the Grappler (level 10, 0/84 HPs)
             Began as a Red Draconian Monk on Nov 17, 2021.
             Was a Priest of Makhleb.
             Killed by vampiric draining
             ... invoked by a vampire
              (3 damage)
             ... on level 8 of the Dungeon.
             The game lasted 00:21:21 (13968 turns).

pkoi the Grappler (Red Draconian Monk)             Turns: 13968, Time: 00:21:21

Health: 0/84       AC:  8    Str: 15    XL:     10   Next: 40%
Magic:  15/15      EV: 15    Int: 12    God:    Makhleb [***...]
Gold:   311        SH:  0    Dex: 20    Spells: 10/13 levels left

rFire    + . .     SeeInvis .     - Unarmed
rCold    . . .     Faith    .   (no shield)
rNeg     . . .     Spirit   .   (armour unavailable)
rPois    .         Reflect  .   (helmet restricted)
rElec    .         Harm     .   r - scarf {repulsion}
rCorr    .         Rampage  .   j - +0 pair of gloves
Will     +....                  (no boots)
Stlth    ++........             (no amulet)
HPRegen  0.24/turn              a - ring of willpower
MPRegen  0.14/turn              d - +6 ring of dexterity

@: short of breath, repel missiles
A: breathe fire, AC +7, unfitting armour, fire resistance 1, cold-blooded
a: Breathe Fire, Renounce Religion, Minor Destruction, Lesser Servant of Makhleb


You were on level 8 of the Dungeon.
You worshipped Makhleb.
Makhleb was most pleased with you.
You visited 3 branches of the dungeon, and saw 11 of its levels.

You collected 489 gold pieces.
You spent 178 gold pieces at shops.

Inventory:

Hand Weapons
 h - a +4 whip
Missiles
 b - a throwing net
 l - 8 boomerangs (quivered)
Armour
 j - a +0 pair of gloves (worn)
 o - a +0 cloak
 r - a scarf of repulsion (worn)
Jewellery
 a - a ring of willpower (left hand)
 d - a +6 ring of dexterity (right hand)
 e - a ring of resist corrosion
 n - a ring of fire
 y - the ring of Equilibrium {rC+ rN+ Dex+4 SInv}
   (You found it on level 8 of the Dungeon)

   [ring of positive energy]

   Dex:       It affects your dexterity (+4).
   rC:        It protects you from cold.
   rN:        It protects you from negative energy.
   SInv:      It lets you see invisible.
 z - an amulet of regeneration
Wands
 f - a wand of polymorph (8)
 g - a wand of iceblast (9)
 q - a wand of flame (19)
 t - a wand of digging (3)
 A - a wand of paralysis (6)
Scrolls
 k - 2 scrolls of magic mapping
 m - a scroll of blinking
 p - 8 scrolls of identify
 w - a scroll of fog
Potions
 c - 2 potions of berserk rage
 i - 2 potions of attraction
 s - 4 potions of heal wounds {unknown}
 u - 3 potions of curing
 v - a potion of resistance {unknown}
 x - a potion of flight {unknown}


   Skills:
 + Level 6.4 Fighting
 + Level 5.5 Dodging
 - Level 1.7 Stealth
 * Level 10.2 Unarmed Combat
 - Level 2.0 Spellcasting
 + Level 4.4 Transmutations
 - Level 4.0 Poison Magic
 * Level 7.0 Invocations
 - Level 2.0 Evocations


You had 10 spell levels left.
You knew the following spells:

 Your Spells              Type           Power      Damage    Failure   Level
a - Spider Form           Tmut/Pois      5%         N/A       14%         3

Your spell library contained the following spells:

 Spells                   Type           Power      Damage    Failure   Level
 Ensorcelled Hibernation  Hex/Ice        2%         N/A       38%         2
 Shadow Creatures         Summ           N/A        N/A       100%        6


Dungeon Overview and Level Annotations

Branches:
Dungeon (9/15)             Temple (1/1) D:5            Lair (1/6) D:8
    Orc: D:9-12

Altars:
Ashenzari
Cheibriados
Dithmenos
Elyvilon
Fedhas
Gozag
Hepliaklqana
Kikubaaqudgha
Makhleb
Nemelex Xobeh
Okawaru
Qazlal
Ru
Sif Muna
Trog
Uskayaw
Vehumet
Wu Jian
Xom
Yredelemnul
Zin
The Shining One

Shops:
D:2 *   D:3 =**:   D:5 :

Annotations:
D:3 2 runed translucent doors, Stomo444's ghost, amateur VSMo


Innate Abilities, Weirdness & Mutations

You can breathe blasts of fire.
Your fiery red scales are hard. (AC +7)
You cannot fit into any form of body armour.
Your flesh is heat resistant. (rF+)
You are cold-blooded and may be slowed by cold attacks.


Message History

You miss something. You tail-slap something. Something hits you.
* * * LOW HITPOINT WARNING * * *
Something bites you but does no damage.
You miss something.
Your tail-slap misses something.
You punch something.
You hear some strange, mumbled words.
Something tries to affect you, but you resist.
You hit something. You hit something but do no damage.
Something hits you but does no damage. Something bites you!
* * * LOW HITPOINT WARNING * * *
Something draws strength from your injuries!
Press: ? - help, Shift-Dir - straight line, f - you Really target yourself?
Okay, then.
Press: ? - help, Shift-Dir - straight line You breathe a blast of fire.
Something barely misses you. Something bites you!
* * * LOW HITPOINT WARNING * * *
Something draws strength from your injuries!
Unknown command.
Unknown command.
Really walk into that cloud of flame? [Y]es or [N]o only, please.
Really walk into that cloud of flame? [Y]es or [N]o only, please.
Really walk into that cloud of flame?
Okay, then.
You barely miss something. Something barely misses you. Something bites you.
* * * LOW HITPOINT WARNING * * *
Something draws strength from your injuries!
You hit something but do no damage.
A vampire appears from thin air!
Reactivating autopickup.
The vampire is engulfed in blazing flames.
The vampire hits you.
* * * LOW HITPOINT WARNING * * *
The vampire closely misses you.
You hit the vampire.
The vampire is severely damaged.
The vampire is engulfed in blazing flames.
The vampire draws life force from you.
You die...

#..............# #........#
#.............[# #...##...#
#........>.....#######...##....
#..........)...#.........##...#
#####..........#.........######
#######....#.........#....#
#...>#....##...#....# ######
#...V#....##...##.... #....#
#...@'....##...##.... #....#
#....#.........##...# #....#
#....#######...##'###
#....######..........#........#
#....#....#..........#........#
#....#....#####......#........+
##'###........#......#........#
#............#......#.......)#
#..########..#......#...##...#


You could see a vampire.

Vanquished Creatures
  A two-headed ogre (D:8)
  Eustachio (D:4)
  2 basilisks (D:8)
  A wyvern (D:8)
  2 steam dragons
  5 yaks
  2 water moccasins
  A black bear (D:7)
  A sky beast (D:7)
  2 ice beasts
  A necrophage (D:4)
  An orc warrior (D:5)
  5 ogres
  3 centaurs
  2 phantoms (D:6)
  A bullfrog (D:9)
  A gnoll sergeant (D:6)
  2 scorpions
  A wyvern skeleton (D:6)
  A water moccasin skeleton (D:5)
  9 wights
  4 centaur zombies
  A bullfrog zombie (D:5)
  A hound (D:7)
  3 jellies
  Crazy Yiuf (D:4)
  2 bullfrog skeletons
  2 centaur skeletons
  6 orc priests
  A gnoll shaman (D:5)
  An iguana (D:7)
  2 orc wizards (D:6)
  A howler monkey zombie (D:5)
  8 gnolls
  8 adders
  A shadow imp (D:7)
  A white imp (D:5)
  An ufetubus (D:4)
  5 worms
  6 dart slugs
  19 orcs
  2 endoplasms
  6 giant cockroaches
  5 goblins
  8 hobgoblins
  8 jackals
  5 quokkas
  6 ball pythons
  4 bats
  5 frilled lizards
  9 kobolds
  4 rats
181 creatures vanquished.

Vanquished Creatures (others)
  An orc wizard (D:6)
  An orc (D:6)
  A fungus (Lair:1)
3 creatures vanquished.

Grand Total: 184 creatures vanquished

Notes
Turn   | Place    | Note
-------+----------+-------------------------------------------
     0 | D:1      | pkoi the Draconian Monk began the quest for the Orb.
     0 | D:1      | Reached XP level 1. HP: 19/19 MP: 1/1
   216 | D:1      | Reached XP level 2. HP: 24/26 MP: 2/2
   462 | D:1      | Reached skill level 4 in Unarmed Combat
   627 | D:1      | Found a faded altar of an unknown god.
   898 | D:1      | Reached XP level 3. HP: 17/31 MP: 3/3
  1707 | D:2      | Reached skill level 5 in Unarmed Combat
  1707 | D:2      | Reached XP level 4. HP: 9/38 MP: 4/4
  2172 | D:2      | Found Icuhic's Assorted Antiques.
  2496 | D:3      | Found Pefetuur's Assorted Antiques.
  2524 | D:3      | Found Pocewir's Assorted Antiques.
  2684 | D:3      | Found Solodec's Book Shop.
  2808 | D:3      | Found Kuboh's Jewellery Shop.
  3096 | D:3      | Found a blossoming altar of Fedhas.
  3244 | D:3      | Found a large runed translucent door.
  3245 | D:3      | Found a large runed translucent door.
  3249 | D:3      | Noticed Stomo444's ghost (amateur VSMo)
  3515 | D:4      | Noticed Eustachio
  3609 | D:4      | Noticed an ice beast
  3627 | D:4      | Killed an ice beast
  3628 | D:4      | Reached skill level 6 in Unarmed Combat
  3628 | D:4      | Reached XP level 5. HP: 13/45 MP: 5/5
  3792 | D:4      | Noticed an ogre
  3799 | D:4      | HP: 3/67 [ogre (12)]
  3800 | D:4      | Killed an ogre
  3801 | D:4      | Reached XP level 6. HP: 4/51 MP: 6/6
  4415 | D:4      | Reached skill level 7 in Unarmed Combat
  4641 | D:4      | Found a runed translucent door.
  4642 | D:4      | Noticed Crazy Yiuf
  4803 | D:4      | Reached skill level 1 in Evocations
  4914 | D:4      | Killed Eustachio
  4915 | D:4      | Your scales start taking on a fiery red colour.
  4915 | D:4      | Reached XP level 7. HP: 22/59 MP: 7/7
  4915 | D:4      | Gained mutation: Your flesh is heat resistant. (rF+) [Red
                  | Draconian growth]
  5237 | D:4      | Learned a level 3 spell: Spider Form
  5482 | D:4      | Killed Crazy Yiuf
  5674 | D:5      | Entered Level 5 of the Dungeon
  6006 | D:5      | Found Veci's Book Emporium.
  6052 | D:5      | Found a staircase to the Ecumenical Temple.
  6067 | Temple   | Entered the Ecumenical Temple
  6357 | Temple   | Became a worshipper of Makhleb the Destroyer
  6357 | Temple   | Reached * piety under Makhleb
  6357 | Temple   | Reached ** piety under Makhleb
  6429 | D:5      | Reached skill level 1 in Spellcasting
  6429 | D:5      | Reached skill level 1 in Transmutations
  6429 | D:5      | Reached skill level 1 in Poison Magic
  6429 | D:5      | Reached skill level 1 in Invocations
  6636 | D:3      | Bought a scroll of blinking for 157 gold pieces
  6636 | D:3      | Bought a scroll labelled BIOSIPOTUI for 21 gold pieces
  6718 | D:4      | Reached skill level 8 in Unarmed Combat
  6885 | D:5      | Reached XP level 8. HP: 67/67 MP: 9/9
  8665 | D:6      | Reached skill level 5 in Fighting
  9196 | D:6      | Reached XP level 9. HP: 34/74 MP: 12/12
  9953 | D:6      | Reached skill level 9 in Unarmed Combat
 10669 | D:7      | Identified the +0 leather armour of the Sun {rCorr}
 10685 | D:7      | Reached skill level 5 in Invocations
 10840 | D:7      | Reached *** piety under Makhleb
 11393 | D:7      | Reached skill level 5 in Dodging
 11662 | D:7      | Reached XP level 10. HP: 73/83 MP: 14/14
 12000 | D:8      | Identified the ring of Equilibrium {rC+ rN+ Dex+4 SInv}
 12208 | D:8      | Noticed a two-headed ogre
 12221 | D:8      | HP: 1/83 [two-headed ogre (17)]
 12222 | D:8      | Killed a two-headed ogre
 12744 | D:8      | Found a staircase to the Lair.
 12749 | D:8      | Reached skill level 10 in Unarmed Combat
 13538 | Lair:1   | Entered Level 1 of the Lair of Beasts
 13967 | D:8      | HP: 3/84 [vampire (4)]
 13968 | D:8      | Killed from afar by a vampire

Illustrated notes

Levels and vault maps discovered:
D:1:      lightli_arrival_statuegarden, layout_basic,
          dilly_ecumenical_altar_fadedgnrine, st_stairs_14
D:2:      layout_basic, serial_shops, nicolae_lakefront_shop,
          minmay_diced_spiral
D:3:      layout_rooms, nicolae_overflow_crystal_walls,
          ebering_ghost_disaster_area, serial_shops, shop, shop_coins,
          nicolae_shop_trees, shop, hangedman_abyss_or_decor_stabs
D:4:      layout_basic, grunt_ministairs_5, minmay_misc_feat_roman,
          uniq_crazy_yiuf_cottage, uniq_eustachio
D:5:      layout_rooms, minmay_temple_entry_antechambers, serial_shops,
          nicolae_stop_n_shop_2
D:6:      layout_basic, portal_sewer_entry_b
D:7:      layout_loops_ring, hangedman_decor_growths,
          chequers_serial_rivers_micro_d, dk_noncrumbling_4,
          kennysheep_small_circle
D:8:      layout_gridville, david_lair_generic, serial_glass, glass_columns_a,
          glass_columns_b
D:9:      layout_cave_pods, david_orc_5
Temple:   nicolae_temple_the_god_donut
Lair:1:   layout_gridlike

Skill      XL: |  1  2  3  4  5  6  7  8  9 10 |
---------------+-------------------------------+-----
Unarmed Combat | 4 5 6 7 8 9 10 | 10.2
Dodging        | 3 4 5 |  5.5
Evocations     | 1 2 |  2.0
Fighting       | 4 5 6 |  6.4
Spellcasting   | 1 2 |  2.0
Transmutations | 1 2 3 4 |  4.4
Poison Magic   | 1 2 3 4 |  4.0
Invocations    | 1 4 6 7 |  7.0
Stealth        | |  1.7

Action                   |  1- 3 |  4- 6 |  7- 9 | 10-12 || total
-------------------------+-------+-------+-------+-------++-------
Melee: Unarmed           |   164 |   195 |   394 |    67 ||   820
       Tailslap          |    24 |    20 |    77 |    17 ||   138
       Punch             |       |     5 |    30 |     5 ||    40
 Abil: Breathe Fire      |       |       |     9 |     4 ||    13
  Use: Scroll            |     3 |     5 |     6 |     1 ||    15
       Potion            |       |     2 |     1 |       ||     3
 Stab: Sleeping          |     7 |     5 |    10 |     2 ||    24
       Distracted        |     1 |       |     4 |       ||     5
Armor: Skin              |    53 |    75 |   105 |    15 ||   248
Dodge: Dodged            |    99 |   134 |   278 |    39 ||   550
       Repelled          |       |       |     4 |       ||     4
